Map: Ascension to Aiur LE

Players

SortOf - Winner!

  • Race: Zerg Zerg
  • Spawn Location: 5:00

ILuSionClocK

  • Race: Protoss Protoss
  • Spawn Location: 11:00

Event: WCS Valencia 2017

VOD

Have the link to the VOD?

Description

Time

  • Played on: July 13, 2017, 6:33 a.m.
  • Length: 7:24

All games in this series

Show
View Real Time Build Order
Export as new Build Order

SortOf Zerg - Winner!

Build Orders: Hatch First 

Get SALT Encoding   

  12  0:00  Drone  
  13  0:12  Overlord  
  13  0:17  Drone  
  14  0:31  Drone x2  
  16  0:36  Drone  
  17  0:51  Hatchery  
  17  0:55  Drone  
  17  0:58  Drone  
  18  1:09  Extractor  
  17  1:13  Spawning Pool  
  17  1:15  Drone  
  17  1:22  Drone  
  18  1:28  Drone  
  19  1:42  Overlord  
  19  1:50  Drone  
  20  1:59  Queen  
  20  2:00  Zergling x2  
  23  2:03  Queen  
  23  2:04  Zergling x2  
  26  2:11  Metabolic Boost  
  26  2:12  Drone  
  26  2:15  Drone  
  29  2:22  Drone  
  29  2:26  Drone  
  30  2:32  Drone  
  31  2:43  Hatchery  
  30  2:45  Drone  
  30  2:47  Drone  
  32  2:51  Overlord  
  32  2:56  Drone  
  33  3:02  Queen  
  33  3:04  Zergling x2  
  36  3:08  Overlord  
  36  3:10  Drone  
  37  3:17  Drone  
  38  3:24  Drone x2  
  38  3:25  Drone  
  38  3:26  Drone x2  
  38  3:27  Drone x2  
  45  3:35  Drone  
  45  3:38  Queen  
  48  3:41  Lair  
  48  3:43  Overlord  
  48  3:44  Drone  
  48  3:46  Drone  
  48  3:48  Extractor  
  49  3:51  Drone x2  
  49  3:52  Drone  
  52  3:56  Baneling Nest  
  52  3:57  Spore Crawler  
  52  4:00  Spore Crawler  
  49  4:05  Drone x2  
  49  4:06  Drone  
  49  4:08  Extractor  
  51  4:10  Extractor  
  51  4:11  Drone  
  51  4:17  Drone x2  
  51  4:18  Drone  
  51  4:19  Spore Crawler  
  51  4:20  Drone  
  54  4:26  Drone x2  
  56  4:33  Zergling x6  
  56  4:34  Overlord  
  56  4:35  Overlord  
  56  4:37  Overlord  
  59  4:40  Drone x2  
  61  4:50  Hydralisk Den  
  60  4:53  Drone x6  
  60  4:54  Drone  
  60  4:56  Drone  
  60  4:58  Drone x2  
  70  5:04  Overlord  
  70  5:09  Overlord  
  70  5:14  Overlord  
  70  5:15  Overlord  
  70  5:27  Hydralisk x3, Muscular Augments  
  70  5:28  Hydralisk  
  78  5:29  Hydralisk  
  78  5:34  Hydralisk x2  
  83  5:38  Hydralisk  
  83  5:42  Hydralisk x2  
  85  5:46  Overlord  
  85  5:49  Hydralisk  
  89  5:50  Hydralisk  
  89  5:53  Hydralisk, Overlord  
  95  5:59  Hydralisk x2  
  95  6:03  Overlord  
  99  6:05  Hydralisk x2  
  99  6:10  Overseer  
  103  6:12  Zergling x10  
  103  6:17  Zergling x8  
  112  6:20  Overlord  
  112  6:22  Zergling x4  
  112  6:23  Zergling x2  
  115  6:28  Zergling x2  
  116  6:34  Zergling x10  
  116  6:35  Baneling  
  116  6:36  Baneling x7  
  121  6:40  Zergling x6  
  121  6:46  Baneling x7  
  121  6:47  Baneling  
  124  6:53  Hydralisk  
  124  6:54  Zergling x8  
  124  6:59  Zergling x6  
Show
View Real Time Build Order
Export as new Build Order

ILuSionClocK Protoss 

Build Orders: 1 Gate Expand, Oracle Opening, Zealot Archon 

Get SALT Encoding   

  12  0:00  Probe (Chrono Boost)  
  13  0:11  Probe (Chrono Boost)  
  14  0:18  Pylon  
  14  0:22  Probe (Chrono Boost)  
  15  0:36  Probe (Chrono Boost)  
  15  0:39  Gateway  
  16  0:46  Probe (Chrono Boost)  
  16  0:48  Assimilator  
  18  0:57  Probe (Chrono Boost)  
  18  1:07  Probe (Chrono Boost)  
  19  1:18  Probe (Chrono Boost)  
  20  1:26  Nexus  
  20  1:35  Cybernetics Core  
  20  1:38  Probe (Chrono Boost)  
  21  1:47  Assimilator  
  21  1:49  Probe (Chrono Boost)  
  22  1:55  Pylon  
  22  1:59  Probe (Chrono Boost)  
  23  2:12  Warp Gate  
  23  2:13  Probe (Chrono Boost), Adept  
  26  2:23  Probe (Chrono Boost)  
  27  2:34  Probe (Chrono Boost), Stargate  
  28  2:40  Adept  
  30  2:44  Probe (Chrono Boost)  
  30  2:48  Probe (Chrono Boost)  
  32  2:55  Probe (Chrono Boost)  
  34  2:58  Probe (Chrono Boost)  
  35  3:05  Probe (Chrono Boost)  
  35  3:09  Probe (Chrono Boost)  
  36  3:16  Probe (Chrono Boost)  
  36  3:18  Probe (Chrono Boost)  
  38  3:20  Oracle (Chrono Boost)  
  41  3:27  Probe  
  41  3:30  Gateway  
  41  3:31  Probe  
  43  3:39  Probe  
  44  3:41  Mothership Core (Chrono Boost)  
  44  3:42  Gateway x2  
  44  3:47  Pylon  
  46  3:50  Pylon  
  46  4:05  Probe x2 (Chrono Boost)  
  46  4:07  Phoenix  
  50  4:15  Probe (Chrono Boost)  
  50  4:16  Nexus  
  51  4:24  Pylon  
  51  4:25  Pylon, Probe (Chrono Boost)  
  51  4:26  Probe (Chrono Boost)  
  53  4:36  Probe (Chrono Boost)  
  54  4:39  Probe (Chrono Boost)  
  54  4:42  Twilight Council, Assimilator  
  54  4:44  Forge  
  52  4:46  Probe (Chrono Boost), Assimilator  
  52  4:50  Probe (Chrono Boost)  
  52  4:52  Robotics Facility  
  54  4:57  Probe (Chrono Boost)  
  55  5:00  Probe (Chrono Boost)  
  55  5:06  Pylon  
  56  5:07  Probe (Chrono Boost)  
  56  5:11  Probe (Chrono Boost)  
  56  5:13  Charge (Chrono Boost), Protoss Ground Weapons Level 1  
  58  5:18  Probe (Chrono Boost)  
  58  5:19  Robotics Facility  
  59  5:21  Probe  
  59  5:26  Probe  
  59  5:27  Assimilator  
  61  5:29  Probe  
  61  5:32  Assimilator  
  61  5:33  Probe  
  63  5:36  Gateway  
  63  5:37  Probe, Pylon  
  63  5:40  Observer  
  63  5:41  Probe  
  66  5:45  Probe  
  66  5:47  Probe  
  66  5:48  Templar Archives  
  68  5:54  Probe  
  69  5:58  Probe  
  69  5:59  Probe  
  69  6:02  Immortal (Chrono Boost)  
  73  6:06  Probe  
  73  6:07  Immortal (Chrono Boost)  
  73  6:10  Probe  
  79  6:12  Zealot x2  
  83  6:18  Gateway  
  83  6:23  Zealot x2  
  87  6:30  Pylon  
  87  6:32  Pylon  
  87  6:36  High Templar x2  
  87  6:37  Zealot, Immortal (Chrono Boost)  
  97  6:42  Archon  
  99  6:54  Zealot x2  
  99  7:00  Gateway  
  103  7:03  Gateway  
  103  7:13  Zealot x3  
  93  7:17  Zealot x2  
Tags
 
Add a new tag
Caveats
  • Supply blocks, unpowered buildings, or Contaminate may cause inaccurate times.
  • Supply counts are checked every 10 seconds.